 Dungeon Crawl Stone Soup version 0.25-a0-277-g7046ed1 (webtiles) character file.

Game seed: 13754386998542953141, levelgen mode: deterministic

389 Firecrotchwizard the Conjurer (level 6, -1/32 HPs)
             Began as a Tengu Fire Elementalist on Dec 10, 2019.
             Slain by Edmund
             ... wielding a +1 flail of protection
              (6 damage)
             ... on level 4 of the Dungeon.
             The game lasted 00:11:58 (4465 turns).

Firecrotchwizard the Conjurer (TeFE)                Turns: 4465, Time: 00:11:59

Health: -1/32      AC:  3    Str:  8    XL:     6   Next: 79%
Magic:  7/12       EV: 12    Int: 18    God:
Gold:   144        SH:  0    Dex: 14    Spells: 4/12 levels left

rFire    . . .     SeeInvis .   p - +0 trident (venom)
rCold    . . .     Gourm    .   (no shield)
rNeg     . . .     Faith    .   a - +0 robe
rPois    .         Spirit   .   (helmet restricted)
rElec    .         Reflect  .   (no cloak)
rCorr    .         Harm     .   i - +0 pair of gloves
MR       .....                  (boots unavailable)
Stlth    ++........             (no amulet)
HPRegen  0.10/turn              (no ring)
MPRegen  0.13/turn              (no ring)

@: no status effects
A: beak, talons 3, able to fly
a: Fly


You were on level 4 of the Dungeon.
You were not hungry.

You visited 1 branch of the dungeon, and saw 5 of its levels.

You collected 144 gold pieces.

Inventory:

Hand Weapons
 d - a +0 whip
   (You took it off a kobold on level 1 of the Dungeon)
 p - a +0 trident of venom (weapon)
   (You found it on level 3 of the Dungeon)
Missiles
 f - 3 javelins (quivered)
 n - 8 boomerangs
Armour
 a - a +0 robe (worn)
 i - a +0 pair of gloves (worn)
   (You found it on level 2 of the Dungeon)
Wands
 h - a wand of enslavement (8)
   (You found it on level 2 of the Dungeon)
Scrolls
 b - 4 scrolls of identify
 e - a scroll of random uselessness
 k - 2 scrolls of teleportation
 l - a scroll of remove curse {unknown}
 o - a scroll of fear {unknown}
 r - a scroll of fog {unknown}
Potions
 g - 2 potions of curing {unknown}
 j - a potion of haste {unknown}
 m - a potion of magic {unknown}
 s - a potion of cancellation {unknown}
 t - 2 potions of berserk rage {unknown}
Comestibles
 c - 6 rations


   Skills:
 - Level 2.2 Dodging
 - Level 2.0 Stealth
 + Level 3.9 Spellcasting
 + Level 5.4 Conjurations
 + Level 5.2 Fire Magic


You had 4 spell levels left.
You knew the following spells:

 Your Spells              Type           Power        Failure   Level  Hunger
a - Foxfire               Conj/Fire      ###.         1%          1    None
c - Conjure Flame         Conj/Fire      ###.....     4%          3    ###....
s - Sticky Flame          Conj/Fire      ###.....     16%         4    ####...

Your spell library contained the following spells:

 Spells                   Type           Power        Failure   Level  Hunger
 Inner Flame              Hex/Fire       ##......     16%         3    ###....
 Fireball                 Conj/Fire      ###.......   41%         5    ######.


Dungeon Overview and Level Annotations

Branches:
Dungeon (5/15)
 Temple: D:4-7

Altars:
Vehumet
Wu Jian

Shops:
D:4 }!

Portals:
Sewer: D:5

Annotations:
D:4 Edmund


Innate Abilities, Weirdness & Mutations

You have a beak for a mouth.
You have claws for feet.
You can fly continuously.


Message History

A howler monkey is nearby!
Throwing (i - inventory)
f - 3 javelins (quivered)
Aim: a howler monkey (resting)
You throw a javelin.
The javelin pierces through the howler monkey!
The howler monkey howls!
You hit the howler monkey.
The howler monkey is poisoned.
The howler monkey hoots and howls with incredible vigour!
You puncture the howler monkey!
You kill the howler monkey!
No target in view!
You butcher the howler monkey corpse.
q - 6 chunks of flesh {@w0} (gained 3)
You see here a howler monkey skeleton. x2
f - 3 javelins (gained 1)
You see here 24 stones.
You see here a robe.
There is a stone staircase leading up here.
Found an ornate altar of the Wu Jian Council.
Health restored: 32
Found a radiant altar of Vehumet.
Found an escape hatch in the floor.
b - 4 scrolls of identify (gained 1)
s - a cyan potion You now have 144 gold pieces (gained 7).
You open the door.
There is an open door here.
As you open the door, it creaks loudly!
There is an open door here.
Some of the chunks of flesh in your inventory have rotted away.
t - 2 metallic silvery potions
Found a stone staircase leading down.
There is an escape hatch in the ceiling here.
All of the chunks of flesh in your inventory have rotted away.
Done exploring.
Done exploring.
(D) Dungeon
Where to? (Enter - D:4, ? - help)
There is a stone staircase leading down here.
You climb downwards.
You hear the sound of rushing water.
There is an entrance to a sewer on this level.
Hurry and find it before the portal rusts away! 2 ball pythons, 2 giant cockroaches and Edmund come into view.
Edmund is wielding a +1 flail of protection.
Found a glowing drain.
Found a stone staircase leading down.
There is a stone staircase leading up here.
Okay, then.
You conjure some foxfire!
Edmund shouts!
Edmund drinks a potion.
Edmund flickers and vanishes!
Deactivating autopickup; reactivate with Ctrl-A.
You now have 11/12 mp.
You conjure some foxfire!
The foxfire hits something.
The foxfire hits the ball python.
The ball python is engulfed in a cloud of scalding steam.
You kill the ball python!
You now have 10/12 mp.
You conjure some foxfire!
The foxfire hits something but does no damage.
The foxfire hits the giant cockroach.
You now have 9/12 mp.
You conjure some foxfire!
The foxfire hits something.
The foxfire hits the ball python!
You kill the ball python!
The giant cockroach is engulfed in a cloud of scalding steam.
You kill the giant cockroach!
You now have 8/12 mp.
You conjure some foxfire!
The foxfire hits something but does no damage.
The foxfire hits something.
Something hits you!
You take 11 damage, and have 21/32 hp.
MASSIVE DAMAGE!!
You now have 7/12 mp.
The foxfire hits the giant cockroach.
You kill the giant cockroach!
The foxfire hits something but does no damage.
You climb upwards.
Reactivating autopickup.
There is a stone staircase leading down here.
Okay, then.
Okay, then.
Okay, then.
You conjure some foxfire!
Something hits you.
Deactivating autopickup; reactivate with Ctrl-A.
You take 5 damage, and have 17/32 hp.
You now have 7/12 mp.
The foxfire hits something.
The foxfire hits something!
Something hits you.
You take 5 damage, and have 12/32 hp.
You conjure some foxfire!
Something barely misses you.
You now have 6/12 mp.
You hit something but do no damage. You claw something.
The foxfire hits something but does no damage. x2
Something hits you but does no damage.
You miss something. Your kick misses something. Something hits you!
* * * LOW HITPOINT WARNING * * *
You take 8 damage, and have 4/32 hp.
MASSIVE DAMAGE!!
You hit something but do no damage. Your kick misses something.
Something hits you.
You die...

#.# #)........####.......##..
#.######[........## #.#.###.##.#
#.................# #.#..#.....#
########..........############.#
#............#*##>##*##..
#............##8...8*#...
#####..........####.....##...
#...รท....[.....# #8.....8####
#.######....@>.# ##.....#####
#.# #...##### *8,,,8*#... #.#
#...# ##.....##### ##.######...#
#_....._* ####...........#
*#.....** ........####.#.#
######8.?.8* ##....#........#
#...#*##8##* #.###.#..#######
#.############ #.# #)#..# #.#
#.##...#.###


There were no monsters in sight!

Vanquished Creatures
  A phantom (D:4)
  An ogre (D:4)
  A howler monkey (D:4)
  A bullfrog skeleton (D:4)
  A hound skeleton (D:4)
  4 adders
  An adder skeleton (D:4)
  3 worms
  A dart slug (D:1)
  6 leopard geckos
  2 orcs (D:4)
  2 ball pythons (D:5)
  6 giant cockroaches
  9 goblins
  4 hobgoblins
  8 jackals
  2 quokkas (D:2)
  4 bats
  7 frilled lizards
  11 kobolds
  A leopard gecko skeleton (D:2)
  3 rats
79 creatures vanquished.

Vanquished Creatures (others)
  131 foxfires
131 creatures vanquished.

Grand Total: 210 creatures vanquished

Notes
Turn   | Place    | Note
-------+----------+-------------------------------------------
     0 | D:1      | Firecrotchwizard the Tengu Fire Elementalist began the
                  | quest for the Orb.
     0 | D:1      | Reached XP level 1. HP: 10/10 MP: 4/4
    76 | D:1      | You fall into a shaft and drop 1 floor!
   360 | D:2      | Reached skill level 2 in Conjurations
   360 | D:2      | Reached XP level 2. HP: 15/15 MP: 4/6
  1009 | D:1      | Reached XP level 3. HP: 18/19 MP: 5/7
  1014 | D:1      | Learned a level 3 spell: Conjure Flame
  1072 | D:1      | Reached skill level 3 in Conjurations
  1541 | D:2      | HP: 2/19 [worm (6)]
  1553 | D:2      | Reached XP level 4. HP: 3/24 MP: 3/9
  1998 | D:2      | Reached skill level 4 in Fire Magic
  2457 | D:3      | Learned a level 4 spell: Sticky Flame
  3140 | D:4      | Reached skill level 3 in Spellcasting
  3140 | D:4      | Reached skill level 4 in Conjurations
  3140 | D:4      | Gained mutation: You can fly continuously. [Tengu growth]
  3140 | D:4      | Reached XP level 5. HP: 26/28 MP: 10/10
  3197 | D:4      | Noticed an ogre
  3200 | D:4      | HP: 1/28 [cloud of flame (27)]
  3206 | D:4      | Killed an ogre
  3574 | D:4      | Found Det Utom's Gadget Shoppe.
  3673 | D:4      | Found Captat's Distillery.
  3729 | D:4      | Noticed a phantom
  3758 | D:4      | HP: 5/28 [jackal (3)]
  3763 | D:4      | HP: 5/28 [phantom (1)]
  3767 | D:4      | Killed a phantom
  3767 | D:4      | Reached skill level 5 in Conjurations
  3767 | D:4      | Reached skill level 5 in Fire Magic
  3767 | D:4      | Reached XP level 6. HP: 6/32 MP: 4/12
  4235 | D:4      | Found an ornate altar of the Wu Jian Council.
  4238 | D:4      | Found a radiant altar of Vehumet.
  4451 | D:5      | Entered Level 5 of the Dungeon
  4451 | D:5      | Found a glowing drain.
  4451 | D:5      | Noticed Edmund
  4464 | D:4      | HP: 4/32 [something (8)]
  4465 | D:4      | Slain by Edmund

Levels and vault maps discovered:
D:1:      lightli_arrival_lavapool, layout_loops_ring
D:2:      cheibrodos_helix_gallery, layout_basic
D:3:      layout_basic, first_ration
D:4:      layout_loops_ring, nicolae_overflow_hidden_temple, serial_shops,
          nicolae_shop_behind_doors, shop
D:5:      layout_cave_pools, minmay_temple_entry_junction, portal_sewer_entry_b,
          minmay_misc_feat_ornament, cheibrodos_worm_habitat, uniq_edmund,
          uniq_ijyb, uniq_prince_ribbit1

Skill      XL: |  1  2  3  4  5 |
---------------+----------------+-----
Conjurations   | 2 3 4 5 |  5.4
Fire Magic     | 4 5 |  5.2
Spellcasting   | 3 |  3.9
Dodging        | |  2.2
Stealth        | |  2.0

Action                   |  1- 3 |  4- 6 || total
-------------------------+-------+-------++-------
Melee: Whip              |    50 |     6 ||    56
       Peck              |     7 |     8 ||    15
       Kick              |    10 |     5 ||    15
       Trident           |       |    42 ||    42
Throw: Javelin           |    15 |    31 ||    46
 Cast: Foxfire           |    41 |    39 ||    80
       Conjure Flame     |       |     5 ||     5
  Use: Scroll            |       |     6 ||     6
 Stab: Sleeping          |     2 |     2 ||     4
  Eat: Chunk             |     3 |     3 ||     6
       Ration            |       |     2 ||     2
Armor: Robe              |    17 |     7 ||    24
Dodge: Dodged            |    33 |    32 ||    65

Table legend:
 A = Non-vault XP
 B = Vault XP
 C = Vault XP percentage of total XP
 D = Non-vault monster count
 E = Vault monster count
 F = Vault count percentage of total count
                 A         B        C        D         E       F
            +---------+---------+-------+---------+---------+-------
      Total |     533 |      24 |   4.3 |      73 |       6 |   7.6
            +---------+---------+-------+---------+---------+-------
        D:1 |      35 |       0 |   0.0 |      20 |       0 |   0.0
        D:2 |      63 |      16 |  20.3 |      24 |       2 |   7.7
        D:3 |      37 |       0 |   0.0 |      15 |       0 |   0.0
        D:4 |     398 |       0 |   0.0 |      14 |       0 |   0.0
        D:5 |       0 |       8 | 100.0 |       0 |       4 | 100.0
            +---------+---------+-------+---------+---------+-------

Levels and vault maps discovered:
D:1:      lightli_arrival_lavapool, layout_loops_ring
D:2:      cheibrodos_helix_gallery, layout_basic
D:3:      layout_basic, first_ration
D:4:      layout_loops_ring, nicolae_overflow_hidden_temple, serial_shops,
          nicolae_shop_behind_doors, shop
D:5:      layout_cave_pools, minmay_temple_entry_junction, portal_sewer_entry_b,
          minmay_misc_feat_ornament, cheibrodos_worm_habitat, uniq_edmund,
          uniq_ijyb, uniq_prince_ribbit1

Table legend:
 A = Turns spent in this place as a percentage of turns spent in the entire game.
 B = Non-inter-level travel turns spent in this place as a percentage of non-inter-level travel turns spent in the entire game.
 C = Inter-level travel turns spent in this place as a percentage of turns spent in this place.
 D = Turns resting spent in this place as a percentage of non-inter-level travel turns spent in this place.
 E = Turns spent auto-exploring this place as a percentage of non-inter-level travel turns spent in this place.
 F = Non-inter-level travel turns spent in this place divided by the number of levels of this place that you've seen.
                   A       B       C       D       E      F
               +-------+-------+-------+-------+-------+----------------------
         Total | 100.0 | 100.0 |   3.6 |  33.6 |  53.8 | 861.0
       Dungeon | 100.0 | 100.0 |   3.6 |  33.6 |  53.8 | 861.0
               +-------+-------+-------+-------+-------+----------------------

Table legend:
 A = Kills in this place as a percentage of kills in entire the game.
 B = Kills by you in this place as a percentage of kills by you in the entire game.
 C = Kills by friends in this place as a percentage of kills by friends in the entire game.
 D = Other kills in this place as a percentage of other kills in the entire game.
 E = Experience gained in this place as a percentage of experience gained in the entire game.
 F = Experience gained in this place divided by the number of levels of this place that you have seen.
                   A       B       C       D       E      F
               +-------+-------+-------+-------+-------+----------------------
         Total | 100.0 | 100.0 |   N/A |   N/A | 100.0 | 111.4
       Dungeon | 100.0 | 100.0 |   N/A |   N/A | 100.0 | 111.4
               +-------+-------+-------+-------+-------+----------------------
